 Dungeon Crawl Stone Soup version 0.31-a0-152-g6aa68a64a1 (webtiles) character file.

Game seed: 5662636098980504245

4209 qw the Skirmisher (level 10, -1/94 HPs)
             Began as a Naga Hunter on June 10, 2023.
             Was a Follower of Okawaru.
             Slain by a wolf (3 damage)
             ... while petrified by a basilisk
             ... on level 1 of the Lair of Beasts.
             The game lasted 00:03:10 (7062 turns).

qw the Skirmisher (Naga Hunter)                     Turns: 7062, Time: 00:03:11

Health: -1/94      AC: 14    Str: 18    XL:     10   Next: 29%
Magic:  13/13      EV:  1    Int:  9    God:    Okawaru [*.....]
Gold:   314        SH:  0    Dex: 19    Spells: 9/9 levels left

rFire   . . .        Y - +1 arbalest
rCold   + . .        (shield currently unavailable)
rNeg    + + +        c - +0 leather armour
rPois   inf          h - +0 helmet
rElec   .            e - +1 cloak
rCorr   .            i - +0 pair of gloves
SInv    +            b - +0 barding
Will    +....        (no amulet)
Stlth   +++          g - +5 ring of evasion
HPRegen 0.35/turn    q - ring of protection from cold
MPRegen 0.13/turn

%: no passive effects
@: petrified, very slow
A: AC +3, large, see invisible, deformed body, poison resistance, slowness 2,
spit poison 1, naga tail 1, stinger 1, thin skeletal structure 1, strong 1
a: Spit Poison, Renounce Religion, Heroism


You were on level 1 of the Lair of Beasts.
You worshipped Okawaru.
Okawaru was aware of your devotion.
You visited 3 branches of the dungeon, and saw 10 of its levels.

You collected 469 gold pieces.
You spent 155 gold pieces at shops.


Innate Abilities, Weirdness & Mutations

Your serpentine skin is tough. (AC +3)
You have supernaturally acute eyesight. (SInv)
Armour fits poorly on your strangely shaped body.
Your system is resistant to poisons. (rPois)
You cover ground very slowly.
You can spit poison.
You have a snake-like lower body.
Your tail ends in a venomous barb.
You have a somewhat thin skeletal structure. (Dex +2, Stealth+)
Your muscles are strong. (Str +4, Int/Dex -1)


   Skills:
 - Level 7.0 Fighting
 - Level 11.0 Ranged Weapons
 + Level 2.8 Armour
 - Level 3.0 Dodging
 - Level 1.5 Stealth
 - Level 4.6 Invocations


You had 9 spell levels left.
You didn't know any spells.
Your spell library was empty.

Inventory:

Hand Weapons
 Y - a +1 arbalest (weapon)
Armour
 b - a +0 barding (worn)
 c - a +0 leather armour (worn)
 e - a +1 cloak (worn)
 h - a +0 helmet (worn)
 i - a +0 pair of gloves (worn)
Jewellery
 g - a +5 ring of evasion (left hand)
 m - a ring of fire
 q - a ring of protection from cold (right hand)
 s - a +6 ring of strength
Scrolls
 a - 2 scrolls of teleportation
 d - a scroll of identify
Potions
 f - 4 potions of heal wounds
 j - a potion of might
 k - a potion of haste
 n - a potion of curing
 r - a potion of brilliance {unknown}

Dungeon Overview and Level Annotations

Branches:
Dungeon (8/15)             Temple (1/1) D:5            Lair (1/5) D:8

Altars:
Ashenzari
Cheibriados
Dithmenos
Elyvilon
Fedhas
Gozag
Hepliaklqana
Kikubaaqudgha
Makhleb
Nemelex Xobeh
Okawaru
Qazlal
Ru
Sif Muna
Trog
Uskayaw
Vehumet
Wu Jian
Xom
Yredelemnul
The Shining One

Shops:
D:2 =   D:7 [

Annotations:
D:2 1 runed translucent door, Crazy Yiuf
D:6 3 runed translucent doors, qw's ghost, novice GrFi


Message History

The wolf completely misses you. The wolf bites you. The wolf bites you!
The wolf bites you but does no damage. The wolf bites you! The wolf bites you.
The basilisk barely misses you. The wolf bites you. x2
The wolf bites you but does no damage. The wolf bites you.
The wolf bites you but does no damage. The wolf bites you. x2
The wolf bites you but does no damage. The wolf bites you.
The wolf bites you but does no damage. The wolf bites you. x2
A wolf comes into view.
The wolf bites you! The basilisk gazes at you. The wolf bites you.
The wolf bites you but does no damage. The wolf bites you. x2
The wolf bites you but does no damage. x2; The wolf bites you! x2
The wolf completely misses you. The wolf bites you. x3
The basilisk gazes at you.
You easily resist.
The wolf bites you but does no damage. The wolf bites you.
The wolf bites you but does no damage. The wolf bites you. x2
The wolf bites you but does no damage. The wolf bites you!
The wolf bites you but does no damage. The basilisk gazes at you.
The wolf bites you but does no damage. The wolf bites you.
The wolf bites you but does no damage. The wolf bites you! The wolf bites you.
The wolf bites you but does no damage.
A water moccasin comes into view.
The wolf bites you but does no damage. x2; The wolf bites you!
The wolf bites you.
The wolf bites you but does no damage. x4
The basilisk bites you but does no damage.
The wolf bites you! The wolf bites you but does no damage.
The wolf bites you. x2
The wolf bites you but does no damage. The wolf bites you.
The wolf barely misses you. The wolf bites you but does no damage.
The wolf bites you.
The wolf bites you but does no damage. x5
The basilisk gazes at you.
You easily resist.
The wolf bites you but does no damage. x2; The wolf bites you. x4
The wolf bites you but does no damage. The basilisk bites you!
The wolf bites you but does no damage. The wolf bites you. x2
The wolf bites you! The wolf bites you but does no damage. The wolf bites you.
The wolf bites you but does no damage.
The water moccasin hisses angrily.
The wolf bites you but does no damage. x2; The wolf bites you. x2
You die...

###.....#
#........
#........
##........ #
#.........
#.#.h.......
##.hhh......
#.hl@hF.....
#..hhhh......
#...hh.......
...$S..#.......
....... #......
......# #.....
...... #....
...... ....


You could see a basilisk, a water moccasin, 12 wolves and a bullfrog.

Vanquished Creatures
  Pikel (D:6)
  Sigmund (D:4)
  Eustachio (D:5)
  4 yaks (D:5)
  2 water moccasins
  4 black bears
  Duvessa (D:5)
  An ice beast (D:7)
  An ogre (D:6)
  2 orc warriors
  2 lemures (D:6)
  5 phantoms (D:4)
  A kobold brigand (D:7)
  3 scorpions
  2 water moccasin zombies (D:4)
  Dowan (D:5)
  A howler monkey (D:7)
  3 centaur zombies (D:4)
  3 orc priests
  A bullfrog skeleton (D:4)
  4 hounds
  2 jellies
  2 centaur skeletons (D:4)
  An iguana (D:5)
  6 orc wizards
  2 scorpion zombies (D:4)
  4 hound zombies (D:4)
  A hound skeleton (D:4)
  8 adders
  4 gnolls (D:5)
  2 shadow imps
  An adder zombie (D:4)
  4 worms
  2 dart slugs
  18 orcs
  10 endoplasms
  4 giant cockroaches
  17 goblins
  8 hobgoblins
  3 jackals (D:2)
  5 quokkas
  10 ball pythons
  11 bats
  A frilled lizard (D:1)
  11 kobolds
  6 rats
187 creatures vanquished.

Notes
Turn   | Place    | Note
-------+----------+-------------------------------------------
     0 | D:1      | qw the Naga Hunter began the quest for the Orb.
     0 | D:1      | Reached XP level 1. HP: 19/19 MP: 1/1
     0 | D:1      | 0 ||| qw: Version: 0.2-a-122-gbc61b45
     0 | D:1      | 0 ||| qw: Game counter: 3620
     0 | D:1      | 0 ||| qw: Always use a shield: true
     0 | D:1      | 0 ||| qw: God list: Okawaru
     0 | D:1      | 0 ||| qw: Allow faded altars: false
     0 | D:1      | 0 ||| qw: Do Orc after D:15 true
     0 | D:1      | 0 ||| qw: Do second Lair branch before Depths: true
     0 | D:1      | 0 ||| qw: Lair rune preference: random
     0 | D:1      | 0 ||| qw: Plans: Normal
     0 | D:1      | 0 ||| PLANNING D:1-11
    21 | D:1      | 21 ||| INVOKING Spit Poison.
    43 | D:1      | 43 ||| INVOKING Spit Poison.
   102 | D:1      | 102 ||| INVOKING Spit Poison.
   130 | D:1      | 130 ||| INVOKING Spit Poison.
   263 | D:1      | 263 ||| INVOKING Spit Poison.
   266 | D:1      | 266 ||| INVOKING Spit Poison.
   282 | D:1      | 282 ||| INVOKING Spit Poison.
   283 | D:1      | Reached skill level 4 in Ranged Weapons
   283 | D:1      | Reached XP level 2. HP: 26/26 MP: 2/2
   291 | D:1      | 291 ||| INVOKING Spit Poison.
   299 | D:1      | Found a faded altar of an unknown god.
   334 | D:1      | 334 ||| INVOKING Spit Poison.
   337 | D:1      | 337 ||| INVOKING Spit Poison.
   378 | D:1      | 378 ||| INVOKING Spit Poison.
   383 | D:1      | 383 ||| INVOKING Spit Poison.
   388 | D:1      | 388 ||| INVOKING Spit Poison.
   436 | D:1      | 436 ||| INVOKING Spit Poison.
   442 | D:1      | 442 ||| INVOKING Spit Poison.
   689 | D:1      | 689 ||| INVOKING Spit Poison.
   714 | D:1      | 714 ||| INVOKING Spit Poison.
   717 | D:1      | Reached XP level 3. HP: 28/32 MP: 3/3
   734 | D:1      | 734 ||| READING 2 scrolls labelled LAGURA WUARI.
   738 | D:1      | 738 ||| DROPPING scroll of butterflies.
   831 | D:2      | 831 ||| INVOKING Spit Poison.
   834 | D:2      | 834 ||| INVOKING Spit Poison.
   837 | D:2      | 837 ||| INVOKING Spit Poison.
   843 | D:2      | 843 ||| INVOKING Spit Poison.
   847 | D:2      | 847 ||| INVOKING Spit Poison.
   851 | D:2      | 851 ||| INVOKING Spit Poison.
   883 | D:2      | Found a hide-covered altar of Uskayaw.
   900 | D:2      | 900 ||| INVOKING Spit Poison.
   916 | D:2      | 916 ||| INVOKING Spit Poison.
   926 | D:2      | 926 ||| INVOKING Spit Poison.
   933 | D:2      | 933 ||| INVOKING Spit Poison.
   976 | D:2      | 976 ||| INVOKING Spit Poison.
   984 | D:2      | 984 ||| INVOKING Spit Poison.
   995 | D:2      | Found Duhy's Assorted Antiques.
  1027 | D:2      | Found a runed translucent door.
  1028 | D:2      | Noticed Crazy Yiuf
  1086 | D:2      | 1086 ||| INVOKING Spit Poison.
  1090 | D:2      | 1090 ||| INVOKING Spit Poison.
  1093 | D:2      | 1093 ||| INVOKING Spit Poison.
  1095 | D:2      | 1095 ||| FLEEEEING.
  1096 | D:2      | 1096 ||| FLEEEEING.
  1097 | D:2      | 1097 ||| FLEEEEING.
  1098 | D:2      | 1098 ||| FLEEEEING.
  1099 | D:2      | 1099 ||| FLEEEEING.
  1100 | D:2      | 1100 ||| FLEEEEING.
  1101 | D:2      | 1101 ||| FLEEEEING.
  1102 | D:2      | 1102 ||| FLEEEEING.
  1103 | D:2      | 1103 ||| INVOKING Spit Poison.
  1104 | D:2      | 1104 ||| INVOKING Spit Poison.
  1110 | D:2      | 1110 ||| INVOKING Spit Poison.
  1167 | D:2      | 1167 ||| INVOKING Spit Poison.
  1168 | D:2      | Reached skill level 5 in Ranged Weapons
  1168 | D:2      | Reached XP level 4. HP: 39/39 MP: 4/4
  1215 | D:2      | 1215 ||| INVOKING Spit Poison.
  1267 | D:2      | Found Zaysueli's Jewellery Shoppe.
  1272 | D:2      | 1272 ||| SHOPLISTING +4 ring of protection (432 gold, have
                  | 96).
  1272 | D:2      | 1272 ||| SHOPLISTING +5 ring of evasion (432 gold, have
                  | 96).
  1272 | D:2      | 1272 ||| SHOPLISTING amulet "Cudaplere" {Reflect Harm
                  | Rampage Str-4 Slay+2 SH+5} (444 gold, have 96).
  1272 | D:2      | 1272 ||| SHOPLISTING amulet of reflection (360 gold, have
                  | 96).
  1272 | D:2      | 1272 ||| SHOPLISTING amulet of the acrobat (360 gold, have
                  | 96).
  1272 | D:2      | 1272 ||| SHOPLISTING ring of Cecw {rElec rC+ rN+++ MP-9
                  | Dex+6} (709 gold, have 96).
  1272 | D:2      | 1272 ||| SHOPLISTING ring of fire (300 gold, have 96).
  1272 | D:2      | 1272 ||| SHOPLISTING ring of protection from cold (300
                  | gold, have 96).
  1294 | D:2      | 1294 ||| INVOKING Spit Poison.
  1374 | D:2      | 1374 ||| UPGRADING to +0 barding.
  1379 | D:2      | 1379 ||| UPGRADING to +0 pair of gloves.
  1384 | D:2      | 1384 ||| UPGRADING to +5 ring of evasion.
  1385 | D:2      | 1385 ||| READING scroll labelled LAXEKEEHUB.
  1386 | D:2      | 1386 ||| READING scroll labelled MOFUAZ WOREDU.
  1387 | D:2      | 1387 ||| READING scroll labelled WEGIPN FILUWUO.
  1414 | D:3      | 1414 ||| PLANNING SEWER
  1438 | D:3      | 1438 ||| INVOKING Spit Poison.
  1543 | D:3      | 1543 ||| INVOKING Spit Poison.
  1550 | D:3      | Identified the staff of death "Zoobenor" {rPois rC- rN+
                  | Int+3}
  1551 | D:3      | 1551 ||| INVOKING Spit Poison.
  1622 | D:3      | 1622 ||| INVOKING Spit Poison.
  1706 | D:3      | Reached skill level 1 in Armour
  1706 | D:3      | 1706 ||| INVOKING Spit Poison.
  1710 | D:3      | 1710 ||| INVOKING Spit Poison.
  1714 | D:3      | 1714 ||| INVOKING Spit Poison.
  1716 | D:3      | Reached XP level 5. HP: 46/46 MP: 5/5
  1719 | D:3      | 1719 ||| INVOKING Spit Poison.
  1737 | D:3      | 1737 ||| INVOKING Spit Poison.
  1849 | D:3      | 1849 ||| INVOKING Spit Poison.
  1935 | D:3      | 1935 ||| INVOKING Spit Poison.
  1939 | D:3      | 1939 ||| INVOKING Spit Poison.
  1952 | D:3      | 1952 ||| RIP SEWER
  2034 | D:3      | 2034 ||| PLANNING D:1-11
  2034 | D:3      | 2034 ||| INVOKING Spit Poison.
  2043 | D:3      | 2043 ||| INVOKING Spit Poison.
  2056 | D:3      | 2056 ||| INVOKING Spit Poison.
  2068 | D:3      | 2068 ||| INVOKING Spit Poison.
  2188 | D:3      | 2188 ||| INVOKING Spit Poison.
  2246 | D:3      | 2246 ||| UPGRADING to +6 ring of strength.
  2247 | D:3      | 2247 ||| DROPPING ring of magical power.
  2248 | D:3      | 2248 ||| READING 2 scrolls labelled YPRIPA BOMPA.
  2249 | D:3      | 2249 ||| READING scroll labelled UZXOETSAPN.
  2265 | D:4      | 2265 ||| INVOKING Spit Poison.
  2285 | D:4      | 2285 ||| INVOKING Spit Poison.
  2291 | D:4      | Noticed a phantom
  2292 | D:4      | 2292 ||| INVOKING Spit Poison.
  2295 | D:4      | 2295 ||| INVOKING Spit Poison.
  2297 | D:4      | Reached skill level 3 in Fighting
  2397 | D:4      | Reached XP level 6. HP: 47/56 MP: 6/6
  2469 | D:4      | Reached skill level 6 in Ranged Weapons
  2515 | D:4      | Reached XP level 7. HP: 57/64 MP: 7/7
  2539 | D:4      | Noticed Sigmund
  2542 | D:4      | 2542 ||| INVOKING Spit Poison.
  2548 | D:4      | 2548 ||| INVOKING Spit Poison.
  2553 | D:4      | 2553 ||| INVOKING Spit Poison.
  2557 | D:4      | Killed Sigmund
  2666 | D:4      | 2666 ||| INVOKING Spit Poison.
  2674 | D:4      | 2674 ||| INVOKING Spit Poison.
  2680 | D:4      | 2680 ||| INVOKING Spit Poison.
  2697 | D:4      | 2697 ||| INVOKING Spit Poison.
  2716 | D:4      | 2716 ||| INVOKING Spit Poison.
  2719 | D:4      | 2719 ||| INVOKING Spit Poison.
  2743 | D:4      | Reached skill level 7 in Ranged Weapons
  2758 | D:4      | 2758 ||| Stepping ~*~*~tactically~*~*~ (outnumbered).
  2789 | D:4      | Reached XP level 8. HP: 53/72 MP: 8/8
  2885 | D:4      | Found a shadowy altar of Dithmenos.
  3042 | D:4      | Reached skill level 8 in Ranged Weapons
  3043 | D:4      | 3043 ||| INVOKING Spit Poison.
  3046 | D:4      | 3046 ||| INVOKING Spit Poison.
  3057 | D:4      | 3057 ||| INVOKING Spit Poison.
  3063 | D:4      | 3063 ||| INVOKING Spit Poison.
  3187 | D:4      | 3187 ||| READING scroll of enchant weapon.
  3187 | D:4      | 3187 ||| ENCHANTING +1 shortbow.
  3236 | D:4      | 3236 ||| INVOKING Spit Poison.
  3259 | D:4      | 3259 ||| INVOKING Spit Poison.
  3419 | D:4      | 3419 ||| INVOKING Spit Poison.
  3472 | D:4      | Found a sacrificial altar of Ru.
  3565 | D:4      | 3565 ||| INVOKING Spit Poison.
  3571 | D:4      | 3571 ||| INVOKING Spit Poison.
  3713 | D:4      | 3713 ||| DRINKING 2 viscous red potions.
  3714 | D:4      | 3714 ||| READING 3 scrolls of identify.
  3714 | D:4      | 3714 ||| IDENTIFYING white potion
  3715 | D:4      | 3715 ||| READING 2 scrolls of identify.
  3715 | D:4      | 3715 ||| IDENTIFYING lumpy white potion
  3716 | D:4      | 3716 ||| DROPPING potion of magic.
  3744 | D:5      | Entered Level 5 of the Dungeon
  3759 | D:5      | 3759 ||| INVOKING Spit Poison.
  3764 | D:5      | Noticed Duvessa
  3764 | D:5      | Noticed Dowan
  3765 | D:5      | 3765 ||| INVOKING Spit Poison.
  3770 | D:5      | 3770 ||| Stepping ~*~*~tactically~*~*~ (outnumbered).
  3771 | D:5      | 3771 ||| INVOKING Spit Poison.
  3778 | D:5      | 3778 ||| INVOKING Spit Poison.
  3782 | D:5      | 3782 ||| INVOKING Spit Poison.
  3782 | D:5      | Killed Duvessa
  3783 | D:5      | Reached skill level 9 in Ranged Weapons
  3789 | D:5      | 3789 ||| INVOKING Spit Poison.
  3790 | D:5      | Killed Dowan
  3791 | D:5      | Reached XP level 9. HP: 60/81 MP: 9/9
  3792 | D:5      | 3792 ||| INVOKING Spit Poison.
  3793 | D:5      | Reached skill level 3 in Dodging
  3861 | D:5      | 3861 ||| INVOKING Spit Poison.
  3884 | D:5      | 3884 ||| INVOKING Spit Poison.
  3903 | D:5      | 3903 ||| INVOKING Spit Poison.
  3916 | D:5      | 3916 ||| SWAPPING to +0 arbalest.
  3917 | D:5      | 3917 ||| DROPPING +2 shortbow.
  3922 | D:5      | Found a staircase to the Ecumenical Temple.
  3923 | D:5      | 3923 ||| PLANNING TEMPLE
  3931 | Temple   | Entered the Ecumenical Temple
  3966 | Temple   | 3966 ||| PLANNING OKAWARU WORSHIP
  4047 | Temple   | Became a worshipper of Warmaster Okawaru
  4047 | Temple   | 4047 ||| PLANNING D:1-11
  4110 | D:5      | Noticed Eustachio
  4115 | D:5      | 4115 ||| INVOKING Spit Poison.
  4119 | D:5      | 4119 ||| INVOKING Spit Poison.
  4122 | D:5      | Reached skill level 6 in Fighting
  4122 | D:5      | 4122 ||| INVOKING Spit Poison.
  4125 | D:5      | 4125 ||| INVOKING Spit Poison.
  4128 | D:5      | 4128 ||| INVOKING Spit Poison.
  4132 | D:5      | 4132 ||| INVOKING Spit Poison.
  4136 | D:5      | 4136 ||| INVOKING Spit Poison.
  4137 | D:5      | HP: 19/82 [quokka[Eustachio] (2)]
  4138 | D:5      | 4138 ||| READING 2 scrolls of teleportation.
  4139 | D:5      | 4139 ||| DRINKING 2 potions of heal wounds.
  4140 | D:5      | 4140 ||| INVOKING Spit Poison.
  4144 | D:5      | 4144 ||| INVOKING Spit Poison.
  4308 | D:5      | 4308 ||| INVOKING Spit Poison.
  4312 | D:5      | 4312 ||| INVOKING Spit Poison.
  4317 | D:5      | 4317 ||| INVOKING Spit Poison.
  4321 | D:5      | 4321 ||| INVOKING Spit Poison.
  4322 | D:5      | 4322 ||| INVOKING Spit Poison.
  4325 | D:5      | Killed Eustachio
  4411 | D:5      | 4411 ||| INVOKING Spit Poison.
  4414 | D:5      | 4414 ||| INVOKING Spit Poison.
  4571 | D:5      | 4571 ||| DRINKING 2 coppery potions.
  4605 | D:6      | 4605 ||| INVOKING Spit Poison.
  4608 | D:6      | 4608 ||| INVOKING Spit Poison.
  4610 | D:6      | 4610 ||| STAIRDANCE
  4613 | D:5      | 4613 ||| INVOKING Spit Poison.
  4616 | D:5      | 4616 ||| INVOKING Spit Poison.
  4618 | D:5      | Reached * piety under Okawaru
  4619 | D:5      | Reached skill level 10 in Ranged Weapons
  4728 | D:6      | 4728 ||| INVOKING Spit Poison.
  4730 | D:6      | 4730 ||| STAIRDANCE
  4732 | D:5      | 4732 ||| INVOKING Spit Poison.
  4734 | D:5      | Reached skill level 1 in Invocations
  4735 | D:5      | 4735 ||| INVOKING Heroism.
  4737 | D:5      | 4737 ||| INVOKING Spit Poison.
  4882 | D:6      | 4882 ||| INVOKING Heroism.
  4883 | D:6      | 4883 ||| INVOKING Spit Poison.
  4887 | D:6      | 4887 ||| INVOKING Spit Poison.
  4911 | D:6      | 4911 ||| INVOKING Heroism.
  4912 | D:6      | 4912 ||| INVOKING Spit Poison.
  4917 | D:6      | 4917 ||| INVOKING Spit Poison.
  4920 | D:6      | Reached skill level 3 in Invocations
  4939 | D:6      | 4939 ||| INVOKING Spit Poison.
  4981 | D:6      | 4981 ||| INVOKING Spit Poison.
  4993 | D:6      | Noticed Pikel
  4994 | D:6      | 4994 ||| INVOKING Heroism.
  4995 | D:6      | 4995 ||| INVOKING Spit Poison.
  5001 | D:6      | 5001 ||| INVOKING Spit Poison.
  5007 | D:6      | 5007 ||| INVOKING Spit Poison.
  5009 | D:6      | Killed Pikel
  5010 | D:6      | Reached XP level 10. HP: 91/94 MP: 11/13
  5054 | D:6      | 5054 ||| INVOKING Heroism.
  5082 | D:6      | Found a runed translucent gate.
  5082 | D:6      | Found a runed translucent gate.
  5082 | D:6      | Found a runed translucent gate.
  5084 | D:6      | 5084 ||| INVOKING Spit Poison.
  5087 | D:6      | Noticed qw's ghost (novice GrFi)
  5261 | D:6      | 5261 ||| INVOKING Heroism.
  5262 | D:6      | 5262 ||| INVOKING Spit Poison.
  5269 | D:6      | 5269 ||| INVOKING Spit Poison.
  5275 | D:6      | 5275 ||| INVOKING Spit Poison.
  5550 | D:6      | 5550 ||| UPGRADING to ring of protection from cold.
  5552 | D:6      | 5552 ||| DRINKING 2 sedimented golden potions.
  5552 | D:6      | Gained mutation: You occasionally lose the ability to read
                  | scrolls when taking damage. [potion of mutation]
  5552 | D:6      | Gained mutation: Your mind is acute. (Int +4, Str/Dex -1)
                  | [potion of mutation]
  5553 | D:6      | 5553 ||| DRINKING potion of mutation.
  5553 | D:6      | Lost mutation: You occasionally lose the ability to read
                  | scrolls when taking damage. [potion of mutation]
  5553 | D:6      | Lost mutation: Your mind is acute. (Int +4, Str/Dex -1)
                  | [potion of mutation]
  5553 | D:6      | Gained mutation: Your muscles are strong. (Str +4, Int/Dex
                  | -1) [potion of mutation]
  5553 | D:6      | Gained mutation: You have a somewhat thin skeletal
                  | structure. (Dex +2, Stealth+) [potion of mutation]
  5553 | D:6      | Gained mutation: Your tail ends in a venomous barb. [potion
                  | of mutation]
  5554 | D:6      | 5554 ||| READING 3 scrolls of identify.
  5554 | D:6      | 5554 ||| IDENTIFYING metallic black potion
  5555 | D:6      | 5555 ||| READING 2 scrolls of identify.
  5555 | D:6      | 5555 ||| IDENTIFYING glowing grey potion
  5556 | D:6      | 5556 ||| DROPPING potion of attraction.
  5588 | D:7      | 5588 ||| INVOKING Spit Poison.
  5595 | D:7      | 5595 ||| INVOKING Spit Poison.
  5601 | D:7      | 5601 ||| INVOKING Spit Poison.
  5604 | D:7      | 5604 ||| INVOKING Spit Poison.
  5612 | D:7      | 5612 ||| INVOKING Spit Poison.
  5616 | D:7      | 5616 ||| INVOKING Spit Poison.
  5617 | D:7      | 5617 ||| Stepping ~*~*~tactically~*~*~ (outnumbered).
  5619 | D:7      | 5619 ||| Stepping ~*~*~tactically~*~*~ (outnumbered).
  5621 | D:7      | 5621 ||| INVOKING Spit Poison.
  5635 | D:7      | 5635 ||| INVOKING Spit Poison.
  5688 | D:7      | 5688 ||| INVOKING Spit Poison.
  5693 | D:7      | 5693 ||| INVOKING Spit Poison.
  5873 | D:7      | 5873 ||| INVOKING Spit Poison.
  5877 | D:7      | Found a flagged portal.
  5926 | D:7      | 5926 ||| INVOKING Spit Poison.
  5958 | D:7      | Found a glowing golden altar of the Shining One.
  5977 | D:7      | 5977 ||| INVOKING Spit Poison.
  6006 | D:7      | Reached skill level 11 in Ranged Weapons
  6061 | D:7      | Found Xiops's Antique Armour Emporium.
  6066 | D:7      | 6066 ||| BUYING helmet (85 gold).
  6066 | D:7      | Bought a helmet for 85 gold pieces
  6066 | D:7      | 6066 ||| BUYING runed robe (70 gold).
  6066 | D:7      | Bought a runed robe for 70 gold pieces
  6193 | D:7      | Found a white marble altar of Elyvilon.
  6660 | D:7      | 6660 ||| UPGRADING to +1 cloak.
  6665 | D:7      | 6665 ||| UPGRADING to +0 helmet.
  6670 | D:7      | 6670 ||| DROPPING +0 robe of the Archmagi.
  6671 | D:7      | 6671 ||| READING scroll labelled DIBRAMU ZOWN.
  6672 | D:7      | 6672 ||| READING 2 scrolls of identify.
  6672 | D:7      | 6672 ||| IDENTIFYING glowing red potion
  6673 | D:7      | 6673 ||| DROPPING potion of enlightenment.
  6727 | D:8      | 6727 ||| INVOKING Heroism.
  6728 | D:8      | 6728 ||| INVOKING Spit Poison.
  6733 | D:8      | 6733 ||| INVOKING Spit Poison.
  6764 | D:8      | 6764 ||| INVOKING Heroism.
  6768 | D:8      | 6768 ||| Stepping ~*~*~tactically~*~*~ (outnumbered).
  6775 | D:8      | 6775 ||| INVOKING Spit Poison.
  6788 | D:8      | 6788 ||| READING scroll of enchant weapon.
  6788 | D:8      | 6788 ||| ENCHANTING +0 arbalest.
  6836 | D:8      | Found a staircase to the Lair.
  6941 | D:8      | Found a blossoming altar of Fedhas.
  7001 | D:7      | 7001 ||| PLANNING LAIR
  7049 | Lair:1   | Entered Level 1 of the Lair of Beasts
  7050 | Lair:1   | 7050 ||| INVOKING Spit Poison.
  7053 | Lair:1   | 7053 ||| INVOKING Spit Poison.
  7060 | Lair:1   | HP: 23/94 [wolf (1)]
  7061 | Lair:1   | HP: 11/94 [basilisk (6)]
  7061 | Lair:1   | HP: 5/94 [wolf (4)]
  7062 | Lair:1   | HP: 2/94 [wolf (2)]
  7062 | Lair:1   | Slain by a wolf

Levels and vault maps discovered:
D:1:      minmay_arrival_split_and_join, layout_loops_ring,
          shapermc_ecumenical_altar_venn, item_on_display_a
D:2:      layout_rooms, serial_shops, shop, nicolae_shop_trees, basic_altar,
          kennysheep_generic_room_7, uniq_crazy_yiuf_cottage
D:3:      layout_basic, gup_sewer_entry_spiral
D:4:      layout_layer_cave, mainiacjoe_overflow_big_doors, serial_undead,
          serial_undead_d, serial_undead_f, serial_undead_a, serial_undead_b,
          serial_undead_b, serial_undead_b, serial_undead_a, serial_undead_a,
          serial_undead_b, serial_undead_e, grunt_decor_one_mirror,
          saegor_snake_ambush, uniq_sigmund
D:5:      layout_rooms, minmay_temple_entry_arrows, feat_on_display,
          uniq_duvessa, uniq_eustachio
D:6:      layout_loops_ring, gammafunk_ghost_icy, minmay_tree_intersection,
          grunt_decor_fettered, uniq_pikel
D:7:      layout_layer_cave, nicolae_overflow_hidden_temple,
          mainiacjoe_overflow_brackets, serial_shops, nicolae_shop_dealshenge,
          enter_bailey_5
D:8:      layout_loops_ring, mainiacjoe_overflow_24_doors, lemuel_round_altar,
          dpeg_oklobed_lair, grunt_ministairs_2, minivault_23,
          corexii_checkpoint_b, hangedman_decor_points
Temple:   nicolae_temple_superstar
Lair:1:   beast_lair_carwin_large_4, layout_cave_pods, grunt_megastairs_3

Skill      XL: |  1  2  3  4  5  6  7  8  9 10 |
---------------+-------------------------------+-----
Ranged Weapons | 4 5 6 7 9 10 11 | 11.0
Armour         | 1 2 |  2.8
Fighting       | 3 4 5 7 |  7.0
Dodging        | 2 3 |  3.0
Invocations    | 4 |  4.6
Stealth        | |  1.5

Action                     |  1- 3 |  4- 6 |  7- 9 | 10-12 || total
---------------------------+-------+-------+-------+-------++-------
   Fire: Shortbow          |    99 |   135 |   208 |       ||   442
         Arbalest          |       |       |    89 |    81 ||   170
 Invoke: Heroism           |       |       |     4 |     4 ||     8
Ability: Spit Poison       |    35 |    23 |    59 |    22 ||   139
    Use: Scroll            |     1 |     5 |     4 |     5 ||    15
         Potion            |       |       |     3 |     2 ||     5
 Armour: Leather armour    |    35 |    39 |   160 |    49 ||   283
  Dodge: Dodged            |    34 |    36 |   274 |    35 ||   379

Table legend:
 A = Non-vault XP
 B = Vault XP
 C = Vault XP percentage of total XP
 D = Non-vault monster count
 E = Vault monster count
 F = Vault count percentage of total count
                 A         B        C        D         E       F
            +---------+---------+-------+---------+---------+-------
      Total |    3403 |    2610 |  43.4 |     139 |      46 |  24.9
            +---------+---------+-------+---------+---------+-------
        D:1 |      35 |       0 |   0.0 |      23 |       0 |   0.0
        D:2 |      60 |       8 |  11.8 |      25 |       3 |  10.7
        D:3 |      86 |      11 |  11.3 |      18 |       6 |  25.0
        D:4 |     339 |    1349 |  79.9 |      20 |      25 |  55.6
        D:5 |    1532 |     406 |  20.9 |      20 |       3 |  13.0
        D:6 |     639 |     706 |  52.5 |      11 |       1 |   8.3
        D:7 |     497 |       7 |   1.4 |      17 |       4 |  19.0
        D:8 |     215 |     123 |  36.4 |       5 |       4 |  44.4
            +---------+---------+-------+---------+---------+-------
